[Event "Schachbundesliga-Katernberg"]
[Site "Katernberg/Germany"]
[Date "2010.03.21"]
[Round "13.4"]
[White "Rogozenco"]
[Black "Landa"]
[Result "1/2-1/2"]
[ECO "D38"]
[WhiteElo "2541"]
[BlackElo "2655"]
[Annotator "Robot 3"]
[PlyCount "61"]
[EventDate "2010.??.??"]
[WhiteTeam "HSK"]
[BlackTeam "MUL"]
[TimeControl "40/6000+30:20/5400+30:900+30"]

1. d4 d5 2. Nf3 Nf6 3. c4 e6 4. Nc3 Bb4 5. Bg5 Nbd7 6. cxd5 exd5 7. Rc1 c6 8.
e3 Qa5 9. Qb3 Ne4 10. Bf4 c5 11. a3 Bxc3+ 12. bxc3 c4 13. Qb4 Qxb4 14. axb4 a5
15. bxa5 Rxa5 16. Nd2 Nxd2 17. Kxd2 Nf6 18. f3 Bf5 19. e4 Ra2+ 20. Ke3 dxe4 21.
Bxc4 Rxg2 22. Be5 exf3 23. Bxf6 gxf6 24. Kxf3 Rb2 25. Kf4 Bg6 26. h4 h5 27.
Rhe1+ Kd7 28. Re2 Rxe2 29. Bxe2 Ra8 30. Bf3 Ra7 31. c4 1/2-1/2

[Event "Schachbundesliga-Katernberg"]
[Site "Katernberg/Germany"]
[Date "2010.03.21"]
[Round "13.3"]
[White "Tregubov"]
[Black "Baramidze"]
[Result "1/2-1/2"]
[ECO "D15"]
[WhiteElo "2649"]
[BlackElo "2532"]
[Annotator "Robot 3"]
[PlyCount "128"]
[EventDate "2010.??.??"]
[WhiteTeam "MUL"]
[BlackTeam "HSK"]
[TimeControl "40/6000+30:20/5400+30:900+30"]

1. d4 d5 2. c4 c6 3. Nf3 Nf6 4. e3 a6 5. Nc3 b5 6. b3 e6 7. Bd3 Nbd7 8. O-O Be7
9. Qc2 Bb7 10. c5 Qb8 11. e4 b4 12. Na4 dxe4 13. Bxe4 Bd8 14. Re1 Bc7 15. Bg5
a5 16. Nb2 Nxe4 17. Qxe4 Nf6 18. Bxf6 gxf6 19. Nc4 Qd8 20. Qh4 Ba6 21. Ne3 h5
22. Qe4 Bb7 23. Rad1 Kf8 24. g3 Qd7 25. Nh4 Ba6 26. Qf3 f5 27. d5 cxd5 28. Nxd5
exd5 29. Nxf5 Re8 30. Rxe8+ Qxe8 31. Qxd5 Qe6 32. Qf3 Bc8 33. Nd6 Kg7 34. Nxc8
Qxc8 35. Rd5 Qg4 36. Qe3 Bd8 37. c6 Bf6 38. Rxa5 h4 39. f3 Qg6 40. Qe4 Qxe4 41.
fxe4 Bd4+ 42. Kg2 h3+ 43. Kf3 Bg1 44. Rd5 Rc8 45. Rd1 Bc5 46. Rc1 Rxc6 47. e5
Rc7 48. Rc4 Kg6 49. Kg4 Rc8 50. Rc1 Rc7 51. Rc4 f6 52. exf6 Kxf6 53. Kxh3 Ke5
54. Kg4 Bd6 55. h4 Rxc4+ 56. bxc4 Kd4 57. h5 Kxc4 58. h6 Kd5 59. h7 Be5 60. Kf5
Bb2 61. g4 Be5 62. g5 Bb2 63. g6 Bg7 64. Kf4 Ke6 1/2-1/2

[Event "Schachbundesliga-Katernberg"]
[Site "Katernberg/Germany"]
[Date "2010.03.21"]
[Round "13.6"]
[White "Ftacnik"]
[Black "Potkin"]
[Result "1-0"]
[ECO "E04"]
[WhiteElo "2532"]
[BlackElo "2606"]
[Annotator "Robot 3"]
[PlyCount "81"]
[EventDate "2010.??.??"]
[WhiteTeam "HSK"]
[BlackTeam "MUL"]
[TimeControl "40/6000+30:20/5400+30:900+30"]

1. d4 d5 2. c4 e6 3. Nf3 Nf6 4. g3 dxc4 5. Bg2 a6 6. O-O Nc6 7. Bg5 Be7 8. e3
Bd7 9. Nc3 O-O 10. Ne5 Nxe5 11. dxe5 Nd5 12. Bxe7 Qxe7 13. Nxd5 exd5 14. Qxd5
Bc6 15. Qa5 Bxg2 16. Kxg2 b5 17. a4 Qxe5 18. axb5 Qd5+ 19. Kg1 axb5 20. Qxc7 g6
21. Qb6 Rfb8 22. Rad1 Qh1+ 23. Kxh1 Rxb6 24. Kg2 Ra2 25. Rd8+ Kg7 26. Rb1 Kf6
27. g4 Ke7 28. Rd5 b4 29. Rd4 Rc6 30. Kg3 h6 31. h4 b3 32. g5 hxg5 33. hxg5
Rxb2 34. Re4+ Kd6 35. Rxb2 c3 36. Rxb3 c2 37. Rd3+ Kc7 38. Re7+ Kb6 39. Rb3+
Kc5 40. Rc3+ Kd6 41. Rxc2 1-0

[Event "Schachbundesliga-Katernberg"]
[Site "Katernberg/Germany"]
[Date "2010.03.21"]
[Round "13.7"]
[White "Golod"]
[Black "Heinemann"]
[Result "1-0"]
[ECO "E33"]
[WhiteElo "2602"]
[BlackElo "2484"]
[Annotator "Robot 3"]
[PlyCount "65"]
[EventDate "2010.??.??"]
[WhiteTeam "MUL"]
[BlackTeam "HSK"]
[TimeControl "40/6000+30:20/5400+30:900+30"]

1. d4 Nf6 2. c4 e6 3. Nc3 Bb4 4. Qc2 Nc6 5. Nf3 d6 6. Bd2 O-O 7. a3 Bxc3 8.
Bxc3 Qe7 9. g3 e5 10. d5 Nb8 11. e4 Nh5 12. Be2 g6 13. Bd2 f5 14. Bh6 Ng7 15.
Ng5 fxe4 16. h4 e3 17. fxe3 Bf5 18. e4 Bd7 19. c5 a5 20. O-O-O a4 21. Rhf1 Ra5
22. Rxf8+ Qxf8 23. Rf1 Qe7 24. cxd6 cxd6 25. Rf7 Qxf7 26. Nxf7 Kxf7 27. Qd3
Rc5+ 28. Kd2 Nf5 29. Qf3 Ke8 30. exf5 Bxf5 31. g4 e4 32. Qf4 Rxd5+ 33. Ke1 1-0

[Event "Schachbundesliga-Katernberg"]
[Site "Katernberg/Germany"]
[Date "2010.03.21"]
[Round "13.8"]
[White "Huschenbeth"]
[Black "Saltaev"]
[Result "1/2-1/2"]
[ECO "B12"]
[WhiteElo "2411"]
[BlackElo "2492"]
[Annotator "Robot 3"]
[PlyCount "108"]
[EventDate "2010.??.??"]
[WhiteTeam "HSK"]
[BlackTeam "MUL"]
[TimeControl "40/6000+30:20/5400+30:900+30"]

1. e4 c6 2. d4 d5 3. e5 Bf5 4. Nf3 e6 5. Be2 Nd7 6. O-O Be7 7. Nbd2 h5 8. h3
Nh6 9. b3 Qc7 10. Bb2 O-O-O 11. Nh2 h4 12. c4 Kb8 13. c5 f6 14. exf6 gxf6 15.
b4 Rdg8 16. Qb3 Rg7 17. Kh1 Rhg8 18. Rg1 Nf7 19. a4 Qf4 20. Ndf3 e5 21. b5 exd4
22. Bxd4 Nxc5 23. Qa3 Ne4 24. Qxe7 Nfd6 25. Qxg7 Rxg7 26. bxc6 Nc4 27. Rgb1
Ned2 28. Rd1 Nxf3 29. Nxf3 Be4 30. cxb7 Ne5 31. Ra3 Rxb7 32. a5 Nc4 33. Rc3
Nxa5 34. Rdc1 Nc4 35. Bxc4 dxc4 36. Rxc4 Rb3 37. Kg1 Rxf3 38. gxf3 Qg5+ 39. Kh2
Qf4+ 40. Kg1 Qxf3 41. Rc8+ Kb7 42. R1c7+ Ka6 43. Rxa7+ Kb5 44. Rb8+ Kc4 45.
Ra4+ Kd5 46. Rd8+ Ke6 47. Ra6+ Bc6 48. Rxc6+ Qxc6 49. Be3 Qf3 50. Kh2 Qh5 51.
Rd4 Qh7 52. Rf4 Ke5 53. Rd4 Kf5 54. Rg4 Ke5 1/2-1/2

[Event "Schachbundesliga-Berlin"]
[Site "Berlin"]
[Date "2010.03.21"]
[Round "13.2"]
[White "Buhmann"]
[Black "Krämer"]
[Result "0-1"]
[ECO "A13"]
[WhiteElo "2603"]
[BlackElo "2482"]
[Annotator "Robot 3"]
[PlyCount "144"]
[EventDate "2010.??.??"]
[WhiteTeam "SOL"]
[BlackTeam "SFB"]
[TimeControl "40/6000+30:20/3000+30:900+30"]

1. Nf3 Nf6 2. c4 e6 3. g3 a6 4. Bg2 b5 5. b3 c5 6. Nc3 Qb6 7. e3 Nc6 8. O-O Be7
9. d4 O-O 10. d5 Na5 11. Nd2 Rb8 12. Qc2 d6 13. Rb1 Bd7 14. Bb2 Qc7 15. Rfd1
Rfe8 16. Nce4 Nxe4 17. Bxe4 h6 18. dxe6 Bxe6 19. Bh7+ Kh8 20. Bf5 Bxf5 21. Qxf5
Bf8 22. Bc3 Kg8 23. Rbc1 Re6 24. h4 Nc6 25. Qd3 Qb7 26. Qd5 Qc7 27. Qf3 Rd8 28.
Nb1 Be7 29. Rc2 b4 30. Bb2 Bf6 31. Bxf6 Rxf6 32. Qe2 Re8 33. Qd3 Ne5 34. Qd5
Nf3+ 35. Kg2 Qc8 36. Qd3 Re5 37. Re2 Qg4 38. Rh1 Rh5 39. Kf1 Ne5 40. Qd5 Qxg3
41. Qa8+ Kh7 42. Qe4+ g6 43. Qg2 Qxg2+ 44. Kxg2 Nf3 45. a3 a5 46. axb4 axb4 47.
Nd2 Rxh4 48. Nxf3 Rxh1 49. Ng5+ hxg5 50. Kxh1 Kg7 51. Kg2 Re6 52. Rd2 Kf8 53.
Rd5 f6 54. Rd1 Ke7 55. Ra1 f5 56. Kf3 Kf6 57. Rd1 g4+ 58. Kg3 Ke5 59. Rd5+ Ke4
60. Rd2 g5 61. Rd5 Rg6 62. Rd1 Rf6 63. Rd5 Rh6 64. Kg2 Rf6 65. Kg3 Rg6 66. Rd1
Ke5 67. Rd5+ Ke6 68. Kg2 Rh6 69. e4 fxe4 70. Rxg5 Rh3 71. Rxg4 Rxb3 72. Rxe4+
Kf5 0-1

[Event "Schachbundesliga-Berlin"]
[Site "Berlin"]
[Date "2010.03.21"]
[Round "13.1"]
[White "Polzin"]
[Black "Nikolic"]
[Result "1/2-1/2"]
[ECO "C90"]
[WhiteElo "2491"]
[BlackElo "2602"]
[Annotator "Robot 3"]
[PlyCount "117"]
[EventDate "2010.??.??"]
[WhiteTeam "SFB"]
[BlackTeam "SOL"]
[TimeControl "40/6000+30:20/3000+30:900+30"]

1. e4 e5 2. Nf3 Nc6 3. Bb5 a6 4. Ba4 Nf6 5. O-O Be7 6. Re1 b5 7. Bb3 d6 8. c3
Bg4 9. d4 exd4 10. cxd4 Bxf3 11. gxf3 O-O 12. Nc3 Na5 13. Bc2 c5 14. dxc5 dxc5
15. e5 Nd7 16. Qd3 f5 17. Qd5+ Kh8 18. Rd1 Ra7 19. e6 Nb6 20. Qxf5 Qxd1+ 21.
Nxd1 Rxf5 22. Bxf5 Nc6 23. Be3 g6 24. Bh3 Nd4 25. Kg2 Nd5 26. Nc3 Nxe3+ 27.
fxe3 Nc2 28. Rb1 Nxe3+ 29. Kf2 Nc2 30. Nd5 Nb4 31. Nxb4 cxb4 32. Rd1 Kg7 33.
Rd7 Kf6 34. Rxa7 Bc5+ 35. Kg3 Bxa7 36. f4 b3 37. axb3 Bd4 38. Kf3 Bxb2 39. Ke4
Bc1 40. f5 g5 41. Bg4 a5 42. h3 a4 43. bxa4 bxa4 44. Bd1 a3 45. Bb3 h5 46. Ba2
Bd2 47. Bb1 Ba5 48. Kf3 Bb4 49. Ke4 Bd6 50. Ba2 g4 51. hxg4 hxg4 52. Ke3 Kxf5
53. Kf2 Kf4 54. Kg2 Be7 55. Bb3 Bh4 56. Ba2 Ke5 57. Bb3 Kd4 58. e7 Bxe7 59. Kg3
1/2-1/2

[Event "Schachbundesliga-Berlin"]
[Site "Berlin"]
[Date "2010.03.21"]
[Round "13.5"]
[White "Agopov"]
[Black "Ernst"]
[Result "0-1"]
[ECO "C60"]
[WhiteElo "2452"]
[BlackElo "2589"]
[Annotator "Robot 3"]
[PlyCount "76"]
[EventDate "2010.??.??"]
[WhiteTeam "SFB"]
[BlackTeam "SOL"]
[TimeControl "40/6000+30:20/3000+30:900+30"]

1. e4 e5 2. Nf3 Nc6 3. Bb5 Nge7 4. O-O g6 5. c3 a6 6. Ba4 Bg7 7. d4 exd4 8.
cxd4 b5 9. Bb3 O-O 10. Nc3 d6 11. h3 Na5 12. Bc2 c5 13. Bg5 h6 14. Bf4 g5 15.
Bh2 Nc4 16. b3 Na3 17. Bd3 g4 18. hxg4 Bxg4 19. Ne2 c4 20. bxc4 bxc4 21. Bc2
Ng6 22. Ba4 Rc8 23. Kh1 Nb5 24. Qd2 f5 25. Bc2 Na3 26. Nc3 Qa5 27. Rac1 Nxc2
28. Qxc2 fxe4 29. Qxe4 Qh5 30. Nd2 Rf4 31. Qd5+ Qxd5 32. Nxd5 Rxd4 33. Nb6 Rxd2
34. Nxc8 Bxc8 35. Rxc4 Bd7 36. f4 Nh4 37. Rc7 Be6 38. Bg3 Nxg2 0-1

[Event "Schachbundesliga-Berlin"]
[Site "Berlin"]
[Date "2010.03.21"]
[Round "13.3"]
[White "Schneider"]
[Black "Werle"]
[Result "1/2-1/2"]
[ECO "E04"]
[WhiteElo "2500"]
[BlackElo "2563"]
[Annotator "Robot 3"]
[PlyCount "40"]
[EventDate "2010.??.??"]
[WhiteTeam "SFB"]
[BlackTeam "SOL"]
[TimeControl "40/6000+30:20/3000+30:900+30"]

1. d4 Nf6 2. c4 e6 3. g3 d5 4. Nf3 dxc4 5. Bg2 Bb4+ 6. Bd2 c5 7. dxc5 Bxc5 8.
Qa4+ Bd7 9. Qxc4 Qb6 10. O-O O-O 11. Nc3 Rc8 12. Qb3 Qxb3 13. axb3 Nc6 14. Bg5
Be8 15. Rfc1 Bf8 16. Nd2 Nd7 17. Na4 Na5 18. Nc3 Nc6 19. Na4 Na5 20. Nc3 Nc6
1/2-1/2

[Event "Schachbundesliga-Berlin"]
[Site "Berlin"]
[Date "2010.03.21"]
[Round "13.4"]
[White "Ragger"]
[Black "Berndt"]
[Result "1/2-1/2"]
[ECO "A30"]
[WhiteElo "2561"]
[BlackElo "2442"]
[Annotator "Robot 3"]
[PlyCount "111"]
[EventDate "2010.??.??"]
[WhiteTeam "SOL"]
[BlackTeam "SFB"]
[TimeControl "40/6000+30:20/3000+30:900+30"]

1. Nf3 Nf6 2. c4 b6 3. g3 Bb7 4. Bg2 c5 5. O-O g6 6. Nc3 Bg7 7. d4 cxd4 8. Qxd4
d6 9. Be3 Nbd7 10. Rac1 O-O 11. Qh4 Rc8 12. b3 a6 13. Bh3 Rc7 14. g4 e6 15.
Rfd1 Qb8 16. Bh6 Bxf3 17. exf3 b5 18. Bxg7 Kxg7 19. g5 Ne8 20. Ne4 Kh8 21. Nxd6
Nxd6 22. Qd4+ Kg8 23. Qxd6 bxc4 24. bxc4 Nc5 25. Rd4 Qa7 26. Rcd1 Rd7 27. Qe5
Rfd8 28. Rxd7 Rxd7 29. Rxd7 Nxd7 30. Qd6 Nc5 31. Bg4 a5 32. h4 h5 33. gxh6 f5
34. h5 Kh7 35. hxg6+ Kxh6 36. Qh2+ Kxg6 37. Bh5+ Kg7 38. Qg3+ Kf8 39. Kf1 Qe7
40. Qg6 Nd7 41. f4 Nc5 42. Bf3 Qg7 43. Qxg7+ Kxg7 44. Ke2 Kf6 45. Ke3 Ke7 46.
Kd4 Kd6 47. Kc3 Kc7 48. Ba8 Kd6 49. Kd4 Nd7 50. Bb7 Nc5 51. Bg2 Nd7 52. Bh1 Nc5
53. Ba8 Nd7 54. Bg2 Nc5 55. Bf3 Nd7 56. Bg2 1/2-1/2

[Event "Schachbundesliga-Berlin"]
[Site "Berlin"]
[Date "2010.03.21"]
[Round "13.6"]
[White "Naumann"]
[Black "Thiede"]
[Result "1-0"]
[ECO "E68"]
[WhiteElo "2522"]
[BlackElo "2450"]
[Annotator "Robot 3"]
[PlyCount "117"]
[EventDate "2010.??.??"]
[WhiteTeam "SOL"]
[BlackTeam "SFB"]
[TimeControl "40/6000+30:20/3000+30:900+30"]

1. d4 Nf6 2. c4 g6 3. g3 Bg7 4. Bg2 O-O 5. Nc3 d6 6. Nf3 Nbd7 7. O-O e5 8. e4
exd4 9. Nxd4 Re8 10. h3 a6 11. Re1 Rb8 12. Rb1 Ne5 13. b3 c5 14. Nc2 Nc6 15.
Nd5 Nxd5 16. cxd5 Nd4 17. Bb2 Nxc2 18. Qxc2 b6 19. Bxg7 Kxg7 20. f4 Qf6 21. Qf2
Rb7 22. Rb2 Rbe7 23. Rbe2 Qc3 24. e5 Bd7 25. Rc2 Qb4 26. Re4 Qa5 27. b4 Qa3 28.
bxc5 bxc5 29. Re3 Qa4 30. Re4 Qa3 31. Rce2 Qd3 32. R4e3 Qd4 33. Re4 Qxf2+ 34.
Kxf2 Bf5 35. R4e3 c4 36. exd6 Rxe3 37. Rxe3 Rd8 38. Rc3 Bd3 39. Ke3 Rxd6 40.
Be4 Bf1 41. Kd4 Bxh3 42. Rxc4 Rb6 43. Kc5 Rb2 44. Rc2 Rb1 45. d6 Rd1 46. Rc3
Bf1 47. Bd5 Kf8 48. Bb3 Rd2 49. Kc6 Bb5+ 50. Kc7 h5 51. Bc4 Be8 52. a3 a5 53.
Bd3 Rg2 54. Be4 Rd2 55. Bc6 Bxc6 56. Kxc6 f6 57. d7 Ke7 58. Re3+ Kf7 59. Re8
1-0

[Event "Schachbundesliga-Berlin"]
[Site "Berlin"]
[Date "2010.03.21"]
[Round "13.7"]
[White "Thinius"]
[Black "Hoffmann"]
[Result "1/2-1/2"]
[ECO "B43"]
[WhiteElo "2375"]
[BlackElo "2513"]
[Annotator "Robot 3"]
[PlyCount "60"]
[EventDate "2010.??.??"]
[WhiteTeam "SFB"]
[BlackTeam "SOL"]
[TimeControl "40/6000+30:20/3000+30:900+30"]

1. e4 c5 2. Nc3 e6 3. Nf3 a6 4. d4 cxd4 5. Nxd4 b5 6. Bd3 Qb6 7. Nb3 Qc7 8. O-O
Nf6 9. Qe2 Nc6 10. f4 d6 11. Kh1 Be7 12. Bd2 O-O 13. Rae1 Bb7 14. e5 dxe5 15.
fxe5 Nd7 16. Bf4 g6 17. Be4 b4 18. Nd1 a5 19. Bxc6 Qxc6 20. Ne3 Ba6 21. Nxa5
Qc7 22. Nac4 Nb6 23. b3 Nxc4 24. bxc4 Kg7 25. Qd2 g5 26. Bg3 Bxc4 27. Rf6 Kh8
28. Qf2 Bxa2 29. Qf3 Rg8 30. Rxf7 Raf8 1/2-1/2

[Event "Schachbundesliga-Berlin"]
[Site "Berlin"]
[Date "2010.03.21"]
[Round "13.8"]
[White "Gabriel"]
[Black "Abel"]
[Result "1/2-1/2"]
[ECO "D47"]
[WhiteElo "2507"]
[BlackElo "2380"]
[Annotator "Robot 3"]
[PlyCount "57"]
[EventDate "2010.??.??"]
[WhiteTeam "SOL"]
[BlackTeam "SFB"]
[TimeControl "40/6000+30:20/3000+30:900+30"]

1. d4 d5 2. c4 c6 3. Nf3 Nf6 4. Nc3 e6 5. e3 Nbd7 6. Bd3 dxc4 7. Bxc4 b5 8. Be2
Bb7 9. O-O Be7 10. a3 a5 11. Ne1 O-O 12. Nd3 Qb6 13. Bd2 c5 14. dxc5 Bxc5 15.
Nxc5 Nxc5 16. Nxb5 Rfd8 17. Qe1 Nd3 18. Bxd3 Rxd3 19. a4 Ne4 20. Rd1 Qd8 21.
Bc3 Nxc3 22. Nxc3 Qg5 23. e4 Rad8 24. Rxd3 Rxd3 25. Qc1 Qd8 26. f3 h6 27. Kh1
Bc6 28. h3 Qd7 29. Rd1 1/2-1/2

[Event "Schachbundesliga-Berlin"]
[Site "Berlin"]
[Date "2010.03.21"]
[Round "13.1"]
[White "Rabiega"]
[Black "Gharamian"]
[Result "1/2-1/2"]
[ECO "B22"]
[WhiteElo "2531"]
[BlackElo "2611"]
[Annotator "Robot 3"]
[PlyCount "39"]
[EventDate "2010.??.??"]
[WhiteTeam "TEG"]
[BlackTeam "REM"]
[TimeControl "40/6000+30:20/3000+30:900+30"]

1. e4 c5 2. c3 d5 3. exd5 Qxd5 4. d4 Nf6 5. Nf3 e6 6. Na3 Nc6 7. Nb5 Qd8 8.
dxc5 Bxc5 9. Qxd8+ Kxd8 10. Bf4 a6 11. O-O-O+ Bd7 12. Nbd4 Ke7 13. Bc4 Rhc8 14.
Rhe1 Kf8 15. Bb3 b5 16. Kb1 Nxd4 17. Nxd4 a5 18. a3 Ra6 19. f3 Be7 20. Be5
1/2-1/2

[Event "Schachbundesliga-Berlin"]
[Site "Berlin"]
[Date "2010.03.21"]
[Round "13.3"]
[White "Muse"]
[Black "Degraeve"]
[Result "0-1"]
[ECO "D06"]
[WhiteElo "2448"]
[BlackElo "2573"]
[Annotator "Robot 3"]
[PlyCount "80"]
[EventDate "2010.??.??"]
[WhiteTeam "TEG"]
[BlackTeam "REM"]
[TimeControl "40/6000+30:20/3000+30:900+30"]

1. d4 d5 2. c4 c5 3. cxd5 Qxd5 4. Nf3 cxd4 5. Nc3 Qa5 6. Nxd4 Nf6 7. g3 e5 8.
Nb3 Qc7 9. Bg2 Bb4 10. O-O Bxc3 11. bxc3 O-O 12. Ba3 Rd8 13. Qc1 Be6 14. c4 Na6
15. Qc3 Bd5 16. Nc5 Bxg2 17. Nxa6 Qb6 18. Kxg2 Qxa6 19. Bb2 Re8 20. Rfc1 Rac8
21. Qa3 Qc6+ 22. Kg1 Qe4 23. Qd3 Qg4 24. c5 Rcd8 25. Qe3 Nd5 26. Qf3 Qxf3 27.
exf3 Nb4 28. Rab1 Nc6 29. Ba1 Re7 30. Rd1 Red7 31. Rxd7 Rxd7 32. Bc3 f6 33. Rb2
Kf7 34. Bd2 Ke6 35. Be3 Kd5 36. f4 exf4 37. gxf4 Ne7 38. f3 Kc6 39. Kg2 Nd5 40.
Bd2 Kxc5 0-1

[Event "Schachbundesliga-Berlin"]
[Site "Berlin"]
[Date "2010.03.21"]
[Round "13.2"]
[White "Parligras"]
[Black "Stern"]
[Result "1/2-1/2"]
[ECO "C95"]
[WhiteElo "2547"]
[BlackElo "2501"]
[Annotator "Robot 3"]
[PlyCount "63"]
[EventDate "2010.??.??"]
[WhiteTeam "REM"]
[BlackTeam "TEG"]
[TimeControl "40/6000+30:20/3000+30:900+30"]

1. e4 e5 2. Nf3 Nc6 3. Bb5 a6 4. Ba4 Nf6 5. O-O Be7 6. Re1 b5 7. Bb3 d6 8. c3
O-O 9. h3 Nb8 10. d4 Nbd7 11. Nbd2 Bb7 12. Bc2 c5 13. a4 cxd4 14. cxd4 exd4 15.
axb5 axb5 16. Rxa8 Bxa8 17. Nxd4 Qb6 18. Nf1 Re8 19. Nf5 Bf8 20. N1g3 d5 21.
exd5 Rxe1+ 22. Qxe1 Qc5 23. Bd3 Qxd5 24. Bf1 Ne5 25. Bg5 Ne4 26. Nxe4 Qxe4 27.
Qxe4 Bxe4 28. Ne7+ Kh8 29. Nc8 Nd3 30. Be7 Bxe7 31. Nxe7 Nxb2 32. Bxb5 1/2-1/2

[Event "Schachbundesliga-Berlin"]
[Site "Berlin"]
[Date "2010.03.21"]
[Round "13.6"]
[White "Teske"]
[Black "Fruebing"]
[Result "1-0"]
[ECO "E63"]
[WhiteElo "2545"]
[BlackElo "2337"]
[Annotator "Robot 3"]
[PlyCount "89"]
[EventDate "2010.??.??"]
[WhiteTeam "REM"]
[BlackTeam "TEG"]
[TimeControl "40/6000+30:20/3000+30:900+30"]

1. Nf3 Nf6 2. c4 g6 3. g3 Bg7 4. Bg2 O-O 5. Nc3 d6 6. O-O Nc6 7. d4 a6 8. Bf4
Rb8 9. Rc1 Bd7 10. e4 Nh5 11. Be3 e5 12. dxe5 dxe5 13. Nd5 Bg4 14. Qd2 Nf6 15.
Qc2 Bxf3 16. Bxf3 Nd4 17. Bxd4 exd4 18. Bg2 Nd7 19. c5 a5 20. Qd2 c6 21. Nf4 b6
22. cxb6 Qxb6 23. Nd3 Ne5 24. b3 Rfd8 25. f4 Ng4 26. e5 Ne3 27. Rfe1 c5 28.
Rxc5 Rbc8 29. Qxa5 Qxa5 30. Rxa5 Nxg2 31. Kxg2 Rc2+ 32. Kf3 Rxh2 33. Re2 Rh1
34. Rc5 Rf1+ 35. Rf2 Rd1 36. Ke4 Rg1 37. Rd5 f5+ 38. exf6 Bxf6 39. Rxd8+ Bxd8
40. Rf3 Bb6 41. a4 Ra1 42. g4 Ra2 43. g5 Kf7 44. Kd5 Re2 45. Ne5+ 1-0

[Event "Schachbundesliga-Berlin"]
[Site "Berlin"]
[Date "2010.03.21"]
[Round "13.4"]
[White "Dgebuadze"]
[Black "Von Herman"]
[Result "1-0"]
[ECO "C92"]
[WhiteElo "2521"]
[BlackElo "2424"]
[Annotator "Robot 3"]
[PlyCount "59"]
[EventDate "2010.??.??"]
[WhiteTeam "REM"]
[BlackTeam "TEG"]
[TimeControl "40/6000+30:20/3000+30:900+30"]

1. e4 e5 2. Nf3 Nc6 3. Bb5 a6 4. Ba4 Nf6 5. O-O Be7 6. Re1 b5 7. Bb3 d6 8. c3
O-O 9. h3 Na5 10. Bc2 Bb7 11. d4 d5 12. Nxe5 Nxe4 13. Nd2 f6 14. Nd3 Bd6 15.
Nc5 Bxc5 16. dxc5 Nc4 17. Nxc4 bxc4 18. Qd4 Re8 19. Bf4 Ng5 20. Bf5 c6 21. Bxg5
fxg5 22. Qg4 Qf6 23. Bxh7+ Kf8 24. Bc2 g6 25. Qd7 Qf7 26. Qg4 Qf6 27. Re3 Rxe3
28. fxe3 Kg8 29. Rf1 Qe7 30. Rf3 1-0

[Event "Schachbundesliga-Berlin"]
[Site "Berlin"]
[Date "2010.03.21"]
[Round "13.5"]
[White "Muse"]
[Black "Mainka"]
[Result "1-0"]
[ECO "B09"]
[WhiteElo "2367"]
[BlackElo "2501"]
[Annotator "Robot 3"]
[PlyCount "72"]
[EventDate "2010.??.??"]
[WhiteTeam "TEG"]
[BlackTeam "REM"]
[TimeControl "40/6000+30:20/3000+30:900+30"]

1. d4 d6 2. e4 Nf6 3. Nc3 g6 4. f4 Bg7 5. Nf3 O-O 6. Bd3 Na6 7. O-O c5 8. d5
Nc7 9. Qe1 b5 10. Bxb5 Nxb5 11. Nxb5 Qb6 12. c4 Bd7 13. Nc3 Qa6 14. e5 Ng4 15.
b3 Nh6 16. h3 Nf5 17. Ne4 Qb6 18. g4 Nd4 19. Nxd4 cxd4 20. Qg3 f5 21. exf6 exf6
22. f5 Rae8 23. Qd3 gxf5 24. gxf5 Re5 25. Bf4 Rxf5 26. Ng3 Re5 27. Bxe5 dxe5
28. Nf5 Bxf5 29. Rxf5 Re8 30. Re1 Kh8 31. Re4 Bh6 32. Rh5 Rg8+ 33. Rg4 Be3+ 34.
Kf1 Qc7 35. Qf5 Rxg4 36. hxg4 Bg5 1-0

[Event "Schachbundesliga-Berlin"]
[Site "Berlin"]
[Date "2010.03.21"]
[Round "13.7"]
[White "Sarbok"]
[Black "Popovic"]
[Result "1/2-1/2"]
[ECO "B90"]
[WhiteElo "2319"]
[BlackElo "2496"]
[Annotator "Robot 3"]
[PlyCount "42"]
[EventDate "2010.??.??"]
[WhiteTeam "TEG"]
[BlackTeam "REM"]
[TimeControl "40/6000+30:20/3000+30:900+30"]

1. e4 c5 2. Nf3 d6 3. d4 cxd4 4. Nxd4 Nf6 5. Nc3 a6 6. Be3 e5 7. Nf3 Be7 8. Bc4
O-O 9. O-O Be6 10. Bb3 Qc7 11. Bg5 Nbd7 12. Qe2 Rfc8 13. Rfd1 b5 14. Bxf6 Nxf6
15. Ne1 Bc4 16. Bxc4 Qxc4 17. Qxc4 Rxc4 18. f3 g6 19. a3 Kf8 20. Kf1 Rb8 21.
Rd3 h5 1/2-1/2

[Event "Schachbundesliga-Berlin"]
[Site "Berlin"]
[Date "2010.03.21"]
[Round "13.8"]
[White "Polaczek"]
[Black "Breier"]
[Result "1-0"]
[ECO "B41"]
[WhiteElo "2381"]
[BlackElo "2405"]
[Annotator "Robot 3"]
[PlyCount "93"]
[EventDate "2010.??.??"]
[WhiteTeam "REM"]
[BlackTeam "TEG"]
[TimeControl "40/6000+30:20/3000+30:900+30"]

1. d4 e6 2. Nf3 c5 3. c4 cxd4 4. Nxd4 Nf6 5. Nc3 a6 6. e4 Qc7 7. Be2 Bb4 8. f3
Nc6 9. Nc2 Bd6 10. g3 h5 11. f4 h4 12. e5 Nxe5 13. fxe5 Bxe5 14. gxh4 Rxh4 15.
Be3 Qc6 16. Rg1 Kf8 17. Qd2 Bxh2 18. Nd4 Qd6 19. O-O-O Bxg1 20. Rxg1 Rxd4 21.
Qxd4 Qxd4 22. Bxd4 Ne8 23. c5 f6 24. Ne4 e5 25. Bc3 a5 26. Rh1 b6 27. Rh8+ Ke7
28. Bh5 Bb7 29. Ng3 bxc5 30. Rxe8+ Rxe8 31. Nf5+ Kf8 32. Bxe8 Bd5 33. Bxd7 Bxa2
34. Bxa5 g6 35. Nh4 Ke7 36. Bc8 Bf7 37. Bc7 e4 38. Kd2 f5 39. Ke3 Kf6 40. Bd8+
Ke5 41. Ng2 Kd5 42. Nf4+ Kc6 43. Nh3 Kd5 44. Ng5 Be8 45. Be6+ Ke5 46. Bc7+ Kf6
47. Kf4 1-0

[Event "Deutsche Schachbundesliga"]
[Site "Emsdetten/Germany"]
[Date "2010.03.21"]
[Round "13.1"]
[White "Mchedlishvili"]
[Black "Ikonnikov"]
[Result "1-0"]
[ECO "E11"]
[WhiteElo "2613"]
[BlackElo "2558"]
[Annotator "Robot 3"]
[PlyCount "121"]
[EventDate "2010.??.??"]
[WhiteTeam "EMS"]
[BlackTeam "HDS"]
[TimeControl "40/6000+30:20/3000+30:900+30"]

1. d4 Nf6 2. c4 e6 3. g3 Bb4+ 4. Bd2 Qe7 5. Bg2 Nc6 6. Nf3 Bxd2+ 7. Nbxd2 O-O
8. e4 d6 9. O-O e5 10. d5 Nb8 11. Qb3 a5 12. Qc3 Nbd7 13. b3 Nc5 14. Rfe1 c6
15. a3 Bd7 16. Rac1 Rfc8 17. b4 axb4 18. axb4 Na4 19. Qb3 b5 20. dxc6 Bxc6 21.
cxb5 Bxb5 22. Nc4 Bxc4 23. Rxc4 Nb6 24. Rcc1 h6 25. Nd2 Qb7 26. Qd3 Rd8 27. Nb3
Ra3 28. Qb1 Raa8 29. Bh3 Re8 30. Na5 Qe7 31. Nc6 Qf8 32. Qb3 d5 33. exd5 Nbxd5
34. Rc5 Qd6 35. Rd1 e4 36. Rdxd5 Nxd5 37. Qxd5 Ra1+ 38. Bf1 e3 39. fxe3 Qf6 40.
Qf5 Qxf5 41. Rxf5 Rxe3 42. Rf2 Rc1 43. b5 g6 44. Kg2 Kg7 45. Rb2 Re6 46. Na5
Rb6 47. Nc4 Rb8 48. b6 Kf6 49. b7 Ke6 50. Rb6+ Kd5 51. Na5 Rc7 52. Kh3 Kc5 53.
Ra6 Rbxb7 54. Nxb7+ Rxb7 55. Bd3 Kd4 56. Bxg6 fxg6 57. Rxg6 Rh7 58. Kh4 Ke4 59.
Kh5 Kf3 60. Rxh6 Rg7 61. Rf6+ 1-0

[Event "Deutsche Schachbundesliga"]
[Site "Emsdetten/Germany"]
[Date "2010.03.21"]
[Round "13.3"]
[White "Spoelman"]
[Black "Gurevic"]
[Result "1-0"]
[ECO "B28"]
[WhiteElo "2554"]
[BlackElo "2470"]
[Annotator "Robot 3"]
[PlyCount "75"]
[EventDate "2010.??.??"]
[WhiteTeam "EMS"]
[BlackTeam "HDS"]
[TimeControl "40/6000+30:20/3000+30:900+30"]

1. e4 c5 2. Nf3 a6 3. c3 d5 4. exd5 Qxd5 5. d4 e6 6. Be2 Nf6 7. O-O Nc6 8. Bg5
Be7 9. Na3 cxd4 10. cxd4 b5 11. Nc2 Bb7 12. Ne3 Qd8 13. a4 b4 14. Rc1 O-O 15.
Bd3 Nd5 16. Bxe7 Ncxe7 17. Ne5 Nf6 18. Re1 Ned5 19. N3c4 Rc8 20. Qd2 a5 21. Qg5
Ba6 22. Rcd1 Qc7 23. Bf1 Ne7 24. Rc1 Qa7 25. Red1 Rc7 26. h3 h6 27. Qd2 Rd8 28.
Nxf7 Rd5 29. Nxh6+ gxh6 30. Qxh6 Bxc4 31. Bxc4 Kf7 32. Bxd5 Nexd5 33. Rxc7+
Qxc7 34. Rc1 Qd6 35. Rc8 Nf4 36. Ra8 Ne2+ 37. Kf1 Nxd4 38. Ra7+ 1-0